 Dungeon Crawl Stone Soup version 0.20.0-10-g0535bb4 (webtiles) character file.

588 Larmestyx the Gusty (level 7, -4/36 HPs)
             Began as a Tengu Air Elementalist on June 5, 2017.
             Slain by an ice beast (6 damage)
             ... on level 5 of the Dungeon.
             The game lasted 00:49:11 (5714 turns).

Larmestyx the Gusty (Tengu Air Elementalist)        Turns: 5714, Time: 00:49:12

Health: -4/36      AC:  3    Str:  8    XL:     7   Next: 38%
Magic:  10/14      EV: 14    Int: 17    God:
Gold:   218        SH:  0    Dex: 15    Spells: 4/14 levels left

rFire    . . .     SeeInvis .   g - +4 hand axe (freeze)
rCold    . . .     Gourm    .   (no shield)
rNeg     . . .     Faith    .   a - +0 robe
rPois    +         Spirit   .   (helmet restricted)
rElec    .         Reflect  .   s - +0 cloak
rCorr    .         Harm     .   (no gloves)
MR       .....                  (boots unavailable)
Stlth    ++........             (no amulet)
Regen    0.2/turn               m - ring of poison resistance
MPRegen  0.2/turn               (no ring)

@: sluggish, very slow
A: beak, talons 3, able to fly 1
a: Fly


You were on level 5 of the Dungeon.
You were not hungry.

You visited 1 branch of the dungeon, and saw 5 of its levels.

You collected 218 gold pieces.

Inventory:

Hand Weapons
 g - a +4 hand axe of freezing (weapon)
 p - a +2 vampiric spear
Armour
 a - a +0 robe (worn)
 s - a +0 cloak (worn)
Jewellery
 m - a ring of poison resistance (left hand)
Scrolls
 e - 2 scrolls of remove curse
 f - 4 scrolls of identify
 i - 4 scrolls of teleportation
 l - a scroll of immolation {unknown}
 x - a scroll of magic mapping {unknown}
Potions
 d - a potion of might {unknown}
 k - 2 potions of resistance
 o - a potion of heal wounds {unknown}
 t - a potion of invisibility {unknown}
 u - a potion of mutation {unknown}
 v - a potion of flight {unknown}
 w - a potion of brilliance {unknown}
Books
 b - a book of Air

   Spells                             Type                      Level
   a - Shock                          Conjuration/Air              1
   b - Swiftness                      Charms/Air                   2
   c - Static Discharge               Conjuration/Air              3
   d - Airstrike                      Air                          4
   e - Lightning Bolt                 Conjuration/Air              5
 r - a book of Cantrips

   Spells                             Type                      Level
   a - Confusing Touch                Hexes                        1
   b - Animate Skeleton               Necromancy                   1
   c - Summon Small Mammal            Summoning                    1
   d - Apportation                    Translocation                1
Comestibles
 c - 2 bread rations
 h - 2 royal jellies
 j - 7 chunks of flesh
 n - a fruit
 q - a meat ration


   Skills:
 - Level 0.4 Axes
 + Level 4.1 Dodging
 - Level 2.0 Stealth
 + Level 4.4 Spellcasting
 + Level 4.0 Conjurations
 - Level 0.1 Charms
 + Level 6.8 Air Magic


You had 4 spell levels left.
You knew the following spells:

 Your Spells              Type           Power        Failure   Level  Hunger
a - Shock                 Conj/Air       ###.         1%          1    None
b - Swiftness             Chrm/Air       ###.....     5%          2    ##.....
c - Static Discharge      Conj/Air       ###.....     4%          3    ###....
d - Airstrike             Air            ####......   9%          4    ####...


Dungeon Overview and Level Annotations

Branches:
Dungeon (5/15)
 Temple: D:4-7

Altars:

Annotations:
D:2 1 runed door, exclusions: door and 1 more exclusion


Innate Abilities, Weirdness & Mutations

You have a beak for a mouth.
You have claws for feet.
You can fly.


Message History

The zap hits the ice beast.
The ice beast appears unharmed.
The ice beast is severely wounded.
You feel sluggish.
Casting: Shock
Confirm with . or Enter, or press ? or * to list all spells.
Aiming: Shock
Press: ? - help, Shift-Dir - straight line, f/p - ice beast
Aim: an ice beast (severely wounded)
The zap hits the ice beast.
The ice beast is almost dead.
The ice beast hits you. The ice beast freezes you!
* * * LOW HITPOINT WARNING * * *
Things that are here:
a flail; a leather armour; a trident You closely miss the ice beast.
The ice beast is almost dead.
The ice beast hits you.
* * * LOW HITPOINT WARNING * * *
The ice beast freezes you.
You die...

#.# #.# #.###.# #+#
#.....# #.#
#.###.##.# ######.#
#........#
###.).)#.##
#####.####
##.....['..## #.#
#......)#...######.#
.....####.)Y@.)..).#
...## ##..#########
.. #...# . ##.## #.#
#.# #.# #.#
#######.###


You could see an ice beast.

Vanquished Creatures
  Menkaure (D:4)
  An ogre (D:4)
  4 orc priests
  An orc wizard (D:5)
  Natasha (twice) (D:4)
  7 adders
  An ooze (D:1)
  An adder skeleton (D:4)
  2 worms
  2 dart slugs
  4 leopard geckos
  17 orcs
  11 bats
  3 giant cockroaches (D:2)
  14 goblins
  6 hobgoblins
  4 jackals
  3 kobolds
  3 quokkas
  4 ball pythons
  7 frilled lizards
  6 rats
104 creatures vanquished.

Notes
Turn   | Place    | Note
-------+----------+-------------------------------------------
     0 | D:1      | Larmestyx the Tengu Air Elementalist began the quest for the Orb.
     0 | D:1      | Reached XP level 1. HP: 10/10 MP: 4/4
   584 | D:1      | Reached XP level 2. HP: 6/15 MP: 0/6
   595 | D:1      | Learned a level 2 spell: Swiftness
   973 | D:1      | Reached XP level 3. HP: 18/19 MP: 4/7
   978 | D:1      | Learned a level 3 spell: Static Discharge
  1877 | D:2      | Found a runed door.
  2134 | D:2      | Reached XP level 4. HP: 24/24 MP: 4/8
  2682 | D:3      | Reached skill level 5 in Air Magic
  3222 | D:3      | Gained mutation: You can fly. [Tengu growth]
  3222 | D:3      | Reached XP level 5. HP: 26/28 MP: 10/10
  3666 | D:3      | Reached XP level 6. HP: 32/32 MP: 10/12
  3680 | D:3      | Learned a level 4 spell: Airstrike
  3958 | D:4      | Noticed Natasha
  3980 | D:4      | Killed Natasha
  4175 | D:4      | Noticed Menkaure
  4925 | D:4      | Noticed Natasha
  4934 | D:4      | Killed Natasha
  5154 | D:4      | Killed Menkaure
  5154 | D:4      | Reached skill level 6 in Air Magic
  5154 | D:4      | Reached XP level 7. HP: 11/36 MP: 0/14
  5342 | D:5      | Entered Level 5 of the Dungeon
  5714 | D:5      | Slain by an ice beast

Skill      XL: |  1  2  3  4  5  6 |
---------------+-------------------+-----
Conjurations   | 2 3 4 |  4.0
Dodging        | 3 4 |  4.1
Air Magic      | 5 6 |  6.8
Spellcasting   | 3 4 |  4.4
Axes           | |  0.4
Stealth        | |  2.0
Charms         | |  0.1

Action                   |  1- 3 |  4- 6 |  7- 9 || total
-------------------------+-------+-------+-------++-------
Melee: Unarmed           |    32 |       |       ||    32
       Kick              |    19 |    14 |     3 ||    36
       Peck              |    11 |    12 |       ||    23
       Hand axe          |    73 |    92 |    15 ||   180
 Cast: Shock             |    19 |    62 |    12 ||    93
       Swiftness         |     3 |     3 |     1 ||     7
       Airstrike         |       |     9 |     2 ||    11
  Use: Scroll            |       |     4 |     1 ||     5
 Stab: Sleeping          |     3 |     1 |       ||     4
       Distracted        |       |     1 |       ||     1
  Eat: Chunk             |     4 |    12 |       ||    16
       Bread ration      |       |       |     1 ||     1
Armor: Robe              |    25 |    22 |     4 ||    51
Dodge: Dodged            |    85 |    66 |    14 ||   165
